 Seeded DCSS version 0.29.1-4-g47bece8355 (webtiles) character file.

Game seed: 1 (custom seed)

4440 Kazon the Carver (level 10, -3/83 HPs)
             Began as a Barachi Berserker on Dec 6, 2022.
             Was a High Priest of Trog.
             Slain by a gnoll
             ... wielding a +0 spear
             ... led by a gnoll bouda
              (8 damage)
             ... on level 7 of the Dungeon.
             The game lasted 00:30:32 (5609 turns).

Kazon the Carver (Barachi Berserker)                Turns: 5609, Time: 00:30:34

Health: -3/83      AC: 11    Str: 18    XL:     10   Next: 37%
Magic:  10/10      EV: 14    Int: 10    God:    Trog [*****.]
Gold:   326        SH:  0    Dex: 14    Spells: 9/9 levels left

rFire   . . .      SeeInvis .   s - +3 falchion of Winter {venom, rCorr}
rCold   + + .      Faith    .   c - +0 buckler
rNeg    + . .      Spirit   .   A - +3 leather armour {rC+}
rPois   .          Reflect  .   h - +0 helmet
rElec   .          Harm     .   (no cloak)
rCorr   +          Rampage  .   (no gloves)
Will    .....                   j - +2 pair of boots
Stlth   +.........              g - amulet of the acrobat
HPRegen 0.23/turn               t - ring of positive energy
MPRegen 0.12/turn               C - ring of protection from cold

@: confused, ambrosia-drunk, on berserk cooldown, slowed, very slow
A: amphibious, slowness 1, strong legs 1, +LOS
a: Hop, Renounce Religion, Berserk, Trog's Hand, Brothers in Arms


You were on level 7 of the Dungeon.
You worshipped Trog.
Trog was extremely pleased with you.
You visited 1 branch of the dungeon, and saw 8 of its levels.

You collected 510 gold pieces.
You spent 184 gold pieces at shops.

Inventory:

Hand Weapons
 e - a +2 dagger of venom
 s - the +3 falchion of Winter (weapon) {venom, rCorr}
   (You bought it in a shop on level 3 of the Dungeon)

   It poisons the flesh of those it strikes.
   rCorr:     It protects you from acid and corrosion.
 y - a +1 triple sword of electrocution
Missiles
 o - 9 boomerangs
 r - 36 stones (quivered)
 z - 2 curare-tipped darts
 K - 8 poisoned darts
Armour
 c - a +0 buckler (worn)
 h - a +0 helmet (worn)
 j - a +2 pair of boots (worn)
 A - a +3 leather armour of cold resistance (worn)
Jewellery
 g - an amulet of the acrobat (around neck)
 t - a ring of positive energy (left hand)
 C - a ring of protection from cold (right hand)
Wands
 k - a wand of flame (11)
 x - a wand of mindburst (20)
 D - a wand of paralysis (10)
Scrolls
 i - 5 scrolls of identify
 l - 2 scrolls of immolation {unknown}
 n - 2 scrolls of fog {unknown}
 p - a scroll of poison {unknown}
 q - a scroll of teleportation {unknown}
 u - 2 scrolls of noise {unknown}
 v - a scroll of magic mapping {unknown}
 E - 2 scrolls of enchant weapon {unknown}
 J - a scroll of fear
Potions
 b - 4 potions of berserk rage {unknown}
 d - 2 potions of haste
 m - 3 potions of flight
 w - 4 potions of lignification
 B - 2 potions of cancellation
 F - a potion of magic
 H - a potion of might
 I - a potion of curing


   Skills:
 * Level 9.2 Fighting
 + Level 5.3(8.0) Short Blades
 + Level 10.1(10.7) Long Blades
 + Level 5.4 Throwing
 + Level 6.0 Armour
 + Level 7.2 Dodging
 + Level 5.0 Stealth
 + Level 1.4 Shields
 * Level 4.4 Evocations


You had 9 spell levels left.
You didn't know any spells.
Your spell library was empty.

Dungeon Overview and Level Annotations

Branches:
Dungeon (8/15)             Temple (0/1) D:7
   Lair: D:8-11

Altars:
Elyvilon
Hepliaklqana
Uskayaw

Shops:
D:3 (   D:8 =


Innate Abilities, Weirdness & Mutations

You are amphibious.
You cover ground slowly.
You can hop short distances.
You have an extended range of vision and can be seen from far away.


Message History

You block the gnoll's attack. The sky beast closely misses you.
The gnoll hits you but does no damage.
You slash the gnoll!
You kill the gnoll!
Trog accepts your kill. The gnoll closely misses you.
The sky beast closely misses you. The gnoll misses you.
You closely miss the gnoll.
The gnoll is heavily wounded.
The gnoll closely misses you.
The sky beast flickers out of sight!
Deactivating autopickup; reactivate with Ctrl-A.
Something hits you. Something shocks you. The gnoll barely misses you.
You hit something.
The gnoll hits you from afar with a +0 halberd!
* * * LOW HITPOINT WARNING * * *
Something hits you.
* * * LOW HITPOINT WARNING * * *
Something shocks you.
* * * LOW HITPOINT WARNING * * *
The gnoll hits you but does no damage. The gnoll barely misses you.
Something hits you.
* * * LOW HITPOINT WARNING * * *
Something shocks you.
* * * LOW HITPOINT WARNING * * *
The gnoll barely misses you.
You are confused.
You feel invigorated. The gnoll barely misses you. Something hits you.
* * * LOW HITPOINT WARNING * * *
Something shocks you.
* * * LOW HITPOINT WARNING * * *
The gnoll hits you with a +0 spear.
* * * LOW HITPOINT WARNING * * *
You bump into the rock wall.
Trog accepts your kill.
Reactivating autopickup.
You feel a bit more experienced.
The gnoll hits you from afar with a +0 halberd.
* * * LOW HITPOINT WARNING * * *
The gnoll hits you with a +0 spear!
You die...

## #...#.....#... #.##
##.>##....#### ##..###
#.##.....## #
#.....###.........# #
#.....##.........# #
#.....#.........### ###
##.).##.##.......#.
##.#####)).#..###........
#<.....g@[...............
#....#...†...............
##..##..g)...............
#..#....................
#......[..........#####.
##................# #.
#.................# #.
..................## ##
......#.............


You could see 2 gnolls.

Vanquished Creatures
  Maggie (D:6)
  A yak (D:6)
  A wyvern (D:7)
  Eustachio (D:5)
  A steam dragon (D:7)
  Menkaure (D:5)
  Edmund (D:6)
  3 water moccasins
  2 orc warriors (D:6)
  5 sky beasts
  2 black bears (D:6)
  4 centaurs
  An ogre (D:6)
  2 phantoms (D:6)
  2 kobold brigands
  A bullfrog (D:7)
  3 necrophages
  A gnoll sergeant (D:7)
  5 scorpions
  A howler monkey (D:5)
  2 jellies (D:6)
  A hound (D:4)
  5 orc priests
  A gnoll bouda (D:7)
  6 iguanas
  Robin (D:3)
  13 gnolls
  13 adders
  3 shadow imps
  2 white imps (D:7)
  An ufetubus (D:5)
  3 worms
  20 orcs
  11 endoplasms
  A giant cockroach (D:1)
  16 goblins
  8 hobgoblins
  A jackal (D:4)
  17 kobolds
  A quokka (D:1)
  4 ball pythons
  4 bats
  3 frilled lizards
  6 rats
182 creatures vanquished.

Vanquished Creatures (others)
  A quokka (D:7)
1 creature vanquished.

Grand Total: 183 creatures vanquished

Notes
Turn   | Place    | Note
-------+----------+-------------------------------------------
     0 | D:1      | Kazon the Barachi Berserker began the quest for the Orb.
     0 | D:1      | Reached XP level 1. HP: 18/18 MP: 1/1
    33 | D:1      | Identified a scroll of acquirement
    33 | D:1      | Acquired a +1 triple sword of electrocution
   137 | D:1      | Reached XP level 2. HP: 19/25 MP: 2/2
   358 | D:1      | Reached skill level 4 in Long Blades
   862 | D:2      | Reached XP level 3. HP: 27/31 MP: 3/3
  1427 | D:2      | Reached ** piety under Trog
  1450 | D:2      | Reached XP level 4. HP: 37/38 MP: 4/4
  1472 | D:2      | Reached skill level 5 in Long Blades
  1702 | D:3      | Found Umat's Antique Weapon Boutique.
  1729 | D:3      | Bought a crude falchion for 184 gold pieces
  1729 | D:3      | Identified the +3 falchion of Winter {venom, rCorr} (You
                  | bought it in a shop on level 3 of the Dungeon)
  1928 | D:3      | Reached skill level 1 in Throwing
  1928 | D:3      | Reached XP level 5. HP: 37/43 MP: 5/5
  2126 | D:3      | Noticed Robin
  2129 | D:3      | Reached skill level 1 in Short Blades
  2143 | D:3      | Killed Robin
  2175 | D:3      | Reached skill level 7 in Long Blades
  2175 | D:3      | Reached skill level 5 in Armour
  2175 | D:3      | Reached skill level 5 in Dodging
  2175 | D:3      | Reached XP level 6. HP: 29/55 MP: 6/6
  2432 | D:4      | Reached *** piety under Trog
  2625 | D:4      | Reached skill level 5 in Short Blades
  2627 | D:4      | Reached XP level 7. HP: 60/60 MP: 7/7
  2969 | D:4      | Found a hazy altar of Hepliaklqana.
  3310 | D:5      | Entered Level 5 of the Dungeon
  3357 | D:5      | Noticed Eustachio
  3425 | D:5      | Killed Eustachio
  3426 | D:5      | Reached skill level 1 in Evocations
  3426 | D:5      | Reached XP level 8. HP: 42/67 MP: 8/8
  3500 | D:5      | Reached skill level 8 in Long Blades
  3500 | D:5      | Reached skill level 5 in Throwing
  3648 | D:5      | You fall into a shaft and drop 3 floors!
  3668 | D:8      | Found Heidghoki's Jewellery Shop.
  3701 | D:7      | Found a staircase to the Ecumenical Temple.
  3739 | D:7      | Reached **** piety under Trog
  3766 | D:7      | Found a hide-covered altar of Uskayaw.
  3839 | D:6      | Noticed a yak
  3853 | D:6      | Killed a yak
  3874 | D:6      | Reached XP level 9. HP: 66/73 MP: 9/9
  3920 | D:6      | Reached skill level 9 in Long Blades
  4346 | D:5      | Noticed Menkaure
  4361 | D:5      | Killed Menkaure
  4680 | D:6      | Noticed Maggie
  4706 | D:6      | Killed Maggie
  4758 | D:6      | Reached XP level 10. HP: 49/82 MP: 10/10
  4874 | D:6      | Reached ***** piety under Trog
  4943 | D:6      | Noticed Edmund
  4955 | D:6      | Killed Edmund
  4961 | D:6      | Reached skill level 5 in Stealth
  4961 | D:6      | Reached skill level 1 in Shields
  5459 | D:7      | Reached skill level 10 in Long Blades
  5459 | D:7      | Found a white marble altar of Elyvilon.
  5609 | D:7      | Slain by a gnoll

Illustrated notes

Levels and vault maps discovered:
D:1:      dpeg_arrival_three_smaller_balls, layout_basic
D:2:      layout_loops_ring
D:3:      layout_basic, serial_shops, nicolae_shop_stone, st_stairs_9,
          minmay_misc_feat_doors, eino_curves_03, uniq_robin
D:4:      minmay_wonky_spiral, layout_basic,
          mainiacjoe_overflow_surrounded_room, minivault_5
D:5:      layout_cave_pods, uniq_menkaure, uniq_eustachio
D:6:      cheibrodos_barr_body, layout_basic, minmay_crystal_room,
          minmay_pentangle, uniq_maggie, uniq_edmund
D:7:      layout_cave_pools, nicolae_uskayaw_murder_on_the_dancefloor,
          elyvilon_altar_4, minmay_temple_entry_purple_smoke
D:8:      layout_basic, serial_shops, shop_statue, kennysheep_little_box, shop,
          nicolae_shop_window_shopping

Skill      XL: |  1  2  3  4  5  6  7  8  9 10 |
---------------+-------------------------------+-----
Fighting       | 4 7 8 9 |  9.2
Long Blades    | 4 5 7 8 9 10 | 10.1
Throwing       | 1 4 5 |  5.4
Short Blades   | 4 5 |  5.3
Armour         | 5 6 |  6.0
Dodging        | 5 6 7 |  7.2
Stealth        | 4 5 |  5.0
Evocations     | 1 2 3 4 |  4.4
Shields        | 1 |  1.4

Action                   |  1- 3 |  4- 6 |  7- 9 | 10-12 || total
-------------------------+-------+-------+-------+-------++-------
Melee: Triple sword      |    64 |    17 |    25 |       ||   106
       Falchion          |     3 |       |   208 |   145 ||   356
       Dagger            |    12 |    94 |    42 |     3 ||   151
       Punch             |       |     3 |     1 |       ||     4
Throw: Stone             |     5 |    21 |    30 |     7 ||    63
       Boomerang         |       |       |    28 |       ||    28
       Dart              |       |       |     3 |     1 ||     4
Invok: Trog's Hand       |       |       |     1 |       ||     1
       Berserk           |       |       |       |     1 ||     1
  Use: Scroll            |     1 |       |     2 |     7 ||    10
       Potion            |       |     1 |     2 |     2 ||     5
 Stab: Sleeping          |       |       |     8 |     3 ||    11
Armor: Animal skin       |    19 |    25 |    14 |       ||    58
       Leather armour    |       |       |    64 |    45 ||   109
Dodge: Dodged            |    73 |   108 |   123 |   113 ||   417
Block: Buckler           |       |       |    24 |    23 ||    47
